 Dungeon Crawl Stone Soup version 0.29-a0-468-ge57f7f99b4 (webtiles) character file.

Game seed: 2313654786654837690

98 xian the Conjurer (level 4, -4/33 HPs)
             Began as a Draconian Conjurer on May 21, 2022.
             Slain by an orc priest
             ... wielding a +0 flail
              (7 damage)
             ... on level 3 of the Dungeon.
             The game lasted 00:05:03 (2194 turns).

xian the Conjurer (Draconian Conjurer)              Turns: 2194, Time: 00:05:04

Health: -4/33      AC:  5    Str:  9    XL:     4   Next: 44%
Magic:  1/8        EV: 12    Int: 20    God:
Gold:   101        SH:  5    Dex: 10    Spells: 5/8 levels left

rFire   . . .      SeeInvis .   d - +2 long sword (vorpal)
rCold   . . .      Faith    .   (no shield)
rNeg    . . .      Spirit   .   (body armour unavailable)
rPois   .          Reflect  +   (helmet restricted)
rElec   .          Harm     .   (no cloak)
rCorr   .          Rampage  .   (no gloves)
Will    .....                   (no boots)
Stlth   ++........              i - amulet of reflection
HPRegen 0.11/turn               (no ring)
MPRegen 0.11/turn               (no ring)

@: no status effects
A: AC +5, unfitting armour, cold-blooded
a: no special abilities


You were on level 3 of the Dungeon.
You visited 1 branch of the dungeon, and saw 4 of its levels.

You collected 101 gold pieces.

Inventory:

Hand Weapons
 d - a +2 vorpal long sword (weapon)
Jewellery
 i - an amulet of reflection (around neck)
Scrolls
 b - 5 scrolls of identify {unknown}
 j - a scroll of torment {unknown}
 l - a scroll of fog {unknown}
Potions
 a - a potion of magic
 c - 2 potions of degeneration {unknown}
 e - 3 potions of heal wounds {unknown}
 f - 3 potions of flight {unknown}
 g - a potion of resistance {unknown}
 h - a potion of curing {unknown}
 k - a potion of mutation {unknown}


   Skills:
 + Level 2.0 Dodging
 + Level 2.3 Stealth
 + Level 2.7 Spellcasting
 + Level 5.2 Conjurations


You had 5 spell levels left.
You knew the following spells:

 Your Spells              Type           Power      Damage    Failure   Level
a - Magic Dart            Conj           92%        1d7       1%          1
b - Searing Ray           Conj           46%        2d6       2%          2

Your spell library contained the following spells:

 Spells                   Type           Power      Damage    Failure   Level
 Static Discharge         Conj/Air       13%        N/A       8%          2
 Dazzling Flash           Conj/Hex       26%        N/A       16%         3
 Stone Arrow              Conj/Erth      26%        3d8       16%         3
 Tukima's Dance           Hex            2%         N/A       41%         3
 Fulminant Prism          Conj/Hex       6%         3d7       45%         4
 Iskenderun's Mystic Bla  Conj/Tloc      13%        2d5       45%         4
 Lightning Bolt           Conj/Air       6%         1d18      80%         5
 Passage of Golubria      Tloc           2%         N/A       82%         4
 Yara's Violent Unravell  Hex/Tmut       1%         3d3       99%         5
 Lehudib's Crystal Spear  Conj/Erth      6%         10d3      100%        8
 Maxwell's Capacitive Co  Air            1%         ∞         100%        8
 Animate Armour           Summ/Erth      Unusable   N/A       N/A         4

Dungeon Overview and Level Annotations

Branches:
Dungeon (4/15)
 Temple: D:4-7

Altars:
Hepliaklqana


Innate Abilities, Weirdness & Mutations

Your plain brown scales are hard. (AC +5)
You cannot fit into any form of body armour.
You are cold-blooded and may be slowed by cold attacks.


Message History

The hound completely misses you. The adder attacks as you move away!
The adder bites you but does no damage. You block the hound's attack.
Found a stone staircase leading down.
The hound pauses to sniff the ground.
The adder bites you but does no damage. You block the hound's attack.
The hound attacks as you move away! The hound completely misses you.
The hound barely misses you. The hound bites you.
The adder attacks as you move away! The adder bites you.
You are poisoned.
The adder poisons you!
You feel sick. The adder bites you but does no damage.
The adder attacks as you move away! The adder barely misses you.
You feel sick. The hound bites you but does no damage.
Casting: Searing Ray (safe; 2% risk of failure)
Confirm with . or Enter, or press ? or * to list all spells.
Aiming: Searing Ray (safe; 2% risk of failure)
Press: ? - help, Shift-Dir - straight line, f - hound
Aim: a hound (69% to hit)
The searing ray hits the hound.
The hound is lightly wounded. (Press . to maintain the ray.)
You feel sick. The hound misses you.
The searing ray misses the hound.
You feel sick.
You are no longer poisoned.
The hound closely misses you. The hound barely misses you.
The searing ray misses the hound.
The hound bites you.
* * * LOW HITPOINT WARNING * * *
The hound attacks as you move away! The hound closely misses you.
The hound bites you.
* * * LOW HITPOINT WARNING * * *
The hound attacks as you move away! You block the hound's attack.
You block the hound's attack. The hound attacks as you move away!
The hound barely misses you.
There is a stone staircase leading up here.
The hound bites you.
* * * LOW HITPOINT WARNING * * *
The hound closely misses you.
You climb upwards.
The orc priest hits you with a +0 flail!
You die...

#.#.#.# #...#.#
########.#
.........###
#######..#..
#..#.# # ### #
#..#.# #.#...#
#..#.#####.#.#.
#..#@h........
#†.#o#####.#.#
#..#.# #.#
#..#.# #.#
#######..#'###
#.#
#............#
#.# #
#......).....#
#.#.##
#.......).[..#
#<...#
#......).....#
#....+


You could see a hound and an orc priest.

Vanquished Creatures
  An orc wizard (D:3)
  3 adders
  4 dart slugs
  3 orcs (D:3)
  3 bats
  3 endoplasms
  A giant cockroach (D:1)
  2 goblins
  3 hobgoblins
  2 kobolds (D:1)
  A quokka (D:2)
  5 ball pythons
  A frilled lizard (D:3)
  3 rats
35 creatures vanquished.

Notes
Turn   | Place    | Note
-------+----------+-------------------------------------------
     0 | D:1      | xian the Draconian Conjurer began the quest for the Orb.
     0 | D:1      | Reached XP level 1. HP: 14/14 MP: 3/3
     5 | D:1      | Found a faded altar of an unknown god.
   192 | D:1      | Reached XP level 2. HP: 20/20 MP: 0/5
   685 | D:1      | Learned a level 2 spell: Searing Ray
  1023 | D:2      | Found a hazy altar of Hepliaklqana.
  1135 | D:2      | You fall into a shaft and drop 1 floor!
  1150 | D:2      | Reached XP level 3. HP: 18/26 MP: 0/6
  1953 | D:3      | Reached skill level 5 in Conjurations
  1998 | D:3      | Reached XP level 4. HP: 33/33 MP: 0/7
  2194 | D:3      | Slain by an orc priest

Illustrated notes

Levels and vault maps discovered:
D:1:      dreamdust_arrival_sigmund_warning, layout_loops_ring,
          hellmonk_ecumenical_altar_lost_god
D:2:      layout_rooms, basic_altar, kennysheep_nondescript, minmay_nonomino_d4
D:3:      layout_basic, grunt_decor_arrowhead
D:4:      layout_cave_pools, minmay_diced_spiral, uniq_menkaure

Skill      XL: |  1  2  3 |
---------------+----------+-----
Stealth        | 2 |  2.3
Dodging        | 2 |  2.0
Conjurations   | 5 |  5.2
Spellcasting   | |  2.7

Action                   |  1- 3 |  4- 6 || total
-------------------------+-------+-------++-------
Melee: Unarmed           |     6 |       ||     6
       Flail             |     3 |       ||     3
       Tailslap          |     2 |       ||     2
       Long sword        |     2 |       ||     2
 Cast: Magic Dart        |    69 |    11 ||    80
       Searing Ray       |       |     2 ||     2
Armor: Skin              |     8 |     5 ||    13
Dodge: Dodged            |    21 |    15 ||    36
Block: Other             |     1 |     5 ||     6

Table legend: (Time is in decaauts)
 A = Elapsed time spent in this place.
 B = Non-inter-level travel time spent in this place.
 C = Inter-level travel time spent in this place.
 D = Time resting spent in this place.
 E = Time spent auto-exploring this place.
 F = Levels seen in this place.
 G = Mean time per level.
                   A        B        C        D        E       F      G
               +--------+--------+--------+--------+--------+-----+--------+
         Total |   2194 |   2145 |     49 |    138 |   1685 |   4 |  548.5 |
       Dungeon |   2194 |   2145 |     49 |    138 |   1685 |   4 |  548.5 |
               +--------+--------+--------+--------+--------+-----+--------+

Top non-repeatable levels by time:
     D:1: 1069 daAuts
     D:2: 854 daAuts
     D:3: 243 daAuts
     D:4: 26 daAuts
